Senators vs Staline
Created - December 10, 2018 at 19:04
Goals
|
| Senators |
3 |
0 |
2 |
5 |
| Staline |
2 |
3 |
2 |
7 |
|
Shots
|
| Senators |
15 |
10 |
11 |
36 |
| Staline |
13 |
9 |
15 |
37 |
|
1st period
1. Senators , Stephane Da Costa 17 (Gabriel Bourque 25, Tommy Wingels 17) at 6:45
2. Staline , Marek Zagrapan 3 (Jordan Szwarz 10, Cameron Gaunce 14) at 7:32
3. Staline , Nick Spaling 16 (Alex Petrovic 10, Lars Eller 26) at 9:10
4. Senators , Tommy Wingels 5 (Olli Maatta 5) at 11:05
5. Senators , Tomas Jurco 5 (Nick Foligno 10, Johannes Salmonsson 8) at 17:56
Penalties :
No Penalty
2nd period
6. Staline , Marek Zagrapan 4 (Tyler Pitlick 14, Nick Spaling 15) at 2:41 (PP)
7. Staline , Viktor Loov 2 (Lars Eller 27, Nick Spaling 16) at 10:45
8. Staline , Jordan Szwarz 10 (Mike Reilly 8, Corey Trivino 13) at 17:02
Penalties :
Gabriel Bourque (BIN) for High sticking (Minor) at 1:40, Johannes Salmonsson (BIN) for Cross-checking (Minor) at 3:49, Marek Zagrapan (StJ) for Slashing (Minor) at 17:40
3rd period
9. Senators , Andy Andreoff 5 (Keegan Lowe 2, Grant Besse 4) at 2:38
10. Senators , Zemgus Girgensons 4 (Johannes Salmonsson 9, Sebastian Wannstrom 5) at 10:46
11. Staline , Lars Eller 12 (Alex Petrovic 11, Nick Spaling 17) at 12:00
12. Staline , Peter Holland 5 (Barclay Goodrow 2, Mike Reilly 9) at 16:51
Penalties :
Philip Larsen (StJ) for Tripping (Minor) at 7:27, Gabriel Bourque (BIN) for Hooking (Minor) at 18:00
Goalie Stats
Ben Bishop (BIN), 14 saves from 16 shots - (0.875), L, 4-7-0, 22:58 minutes
Brad Thiessen (BIN), 16 saves from 21 shots - (0.762), 37:02 minutes
Joni Ortio (StJ), 31 saves from 36 shots - (0.861), W, 9-4-1, 60:00 minutes
Players Stats for Senators
Player Name G A P +/- PIM S H SB GA TA FO MP PP MP PK MP
------------------------------------------------------------------------------------
Andy Andreoff 1 0 1 0 0 2 0 0 1 0 0/0 10:03 0:00 1:29
Arturs Kulda 0 0 0 -1 0 1 3 1 0 1 0/0 24:13 1:53 2:38
Blake Coleman 0 0 0 0 0 0 0 0 0 0 1/1 1:50 0:00 1:50
Brett Bulmer 0 0 0 0 0 0 0 0 0 0 0/0 0:16 0:12 0:00
Chandler Stephenson 0 0 0 0 0 0 0 0 0 0 0/2 8:46 0:00 0:18
Dylan Blujus 0 0 0 0 0 1 1 1 0 0 0/0 12:32 0:00 0:00
Gabriel Bourque 0 1 1 -2 4 2 2 1 0 0 5/8 20:16 1:48 1:09
Grant Besse 0 1 1 0 0 1 0 0 0 0 0/0 8:31 0:03 0:00
Ian Cole 0 0 0 -1 0 3 0 0 0 1 0/0 26:59 1:53 2:38
Johannes Salmonsson 0 2 2 0 2 4 0 0 1 0 0/0 11:47 0:00 0:35
Keegan Lowe 0 1 1 0 0 0 3 0 0 1 0/0 12:32 0:00 0:00
Mason Geertsen 0 0 0 0 0 0 0 0 0 0 0/0 2:46 0:00 0:00
Matt Frattin 0 0 0 -2 0 1 1 0 1 1 0/0 19:09 1:50 0:00
Nick Foligno 0 1 1 1 0 4 3 0 2 1 1/2 17:08 1:58 1:07
Olli Maatta 0 1 1 0 0 1 2 0 0 1 0/0 20:29 2:05 2:21
Phil Di Giuseppe 0 0 0 0 0 0 0 0 0 0 0/0 0:22 0:18 0:00
Samuel Morin 0 0 0 0 0 1 0 0 0 3 0/0 20:29 2:05 2:21
Sebastian Wannstrom 0 1 1 0 0 0 2 0 0 1 0/0 11:07 0:00 0:00
Stephane Da Costa 1 0 1 -2 0 5 5 0 1 1 9/24 21:14 1:49 2:10
Tomas Jurco 1 0 1 1 0 3 0 0 0 1 0/3 16:01 1:58 0:00
Tommy Wingels 1 1 2 1 0 6 3 0 1 1 5/7 16:01 1:58 0:00
Zemgus Girgensons 1 0 1 0 0 1 2 0 0 0 2/9 12:27 0:00 1:20
Players Stats for Staline
Player Name G A P +/- PIM S H SB GA TA FO MP PP MP PK MP
------------------------------------------------------------------------------------
Alex Petrovic 0 2 2 3 0 2 0 0 0 1 0/0 28:27 2:01 2:12
Andrey Pedan 0 0 0 0 0 0 0 0 0 0 0/0 11:45 0:00 0:00
Barclay Goodrow 0 1 1 1 0 0 0 0 0 1 0/0 8:13 0:00 0:00
Bryan Bickell 0 0 0 0 0 0 1 1 1 1 0/0 16:50 1:56 0:49
Cameron Gaunce 0 1 1 3 0 3 3 1 2 2 0/0 28:27 2:01 2:12
Charles Hudon 0 0 0 1 0 0 0 0 0 0 0/0 8:13 0:00 0:00
Corey Trivino 0 1 1 -1 0 2 1 1 0 1 10/13 18:15 1:56 2:30
Jason Akeson 0 0 0 1 0 0 2 0 2 0 1/1 22:07 2:47 0:45
Jiri Sekac 0 0 0 -1 0 2 0 0 0 0 0/0 10:26 0:16 0:00
Jordan Szwarz 1 1 2 -1 0 3 1 0 1 0 2/2 15:45 1:56 0:00
Lars Eller 1 2 3 1 0 8 3 1 1 0 12/30 22:07 2:47 0:45
Marek Zagrapan 2 0 2 0 2 4 1 0 2 0 2/4 10:16 0:16 0:00
Mike Reilly 0 2 2 0 0 2 0 1 0 0 0/0 16:38 2:58 1:46
Nick Spaling 1 3 4 1 0 4 3 0 3 0 3/3 23:46 2:47 2:24
Peter Holland 1 0 1 1 0 2 1 0 1 0 2/2 9:21 0:00 0:43
Philip Larsen 0 0 0 -2 2 1 0 1 0 0 0/0 15:09 0:00 0:00
Tyler Pitlick 0 1 1 0 0 1 1 1 0 0 1/1 10:17 0:16 0:00
Viktor Loov 1 0 1 -2 0 3 4 3 0 1 0/0 19:58 2:58 1:46
3 Stars
1 - Nick Spaling (StJ)
2 - Lars Eller (StJ)
3 - Alex Petrovic (StJ)
Power Play
Senators - 0 on 2 Attempt(s) - 0.00%
Staline - 1 on 3 Attempt(s) - 33.33%
Penalty Kill
Senators - 2 on 3 Attempt(s) - 66.67%
- Score 0 goal in Penalty Kill
Staline - 2 on 2 Attempt(s) - 100.00%
- Score 0 goal in Penalty Kill
Team Stat
Senators - Hits : 27 - Faceoff Wins : 23 - Blocked Shots : 3 - Penalty Minutes : 6
Staline - Hits : 21 - Faceoff Wins : 33 - Blocked Shots : 10 - Penalty Minutes : 4
Official
Referees : Unknown
Linesman : Unknown
Game Notes
Ben Bishop enters game at 17:02 of 2nd period
Finance
Level 1 -- Attendance: 1485 (74.25%) -- Ticket Income $51,975
Level 2 -- Attendance: 769 (76.90%) -- Ticket Income $11,535
Total Attendance: 2254 (75.13%)
Total Ticket Income: $63,510
Other Income: $3,176
Total Income: $66,686
Senators
5 vs 5 Forward
Center Left Wing Right Wing Time % Phy DF OF
1 Stephane Da Costa Gabriel Bourque Matt Frattin 40 1 2 2
2 Tommy Wingels Nick Foligno Tomas Jurco 30 1 2 2
3 Zemgus Girgensons Johannes Salmonsson Sebastian Wannstrom 20 1 2 2
4 Chandler Stephenson Andy Andreoff Grant Besse 10 1 2 2
5 vs 5 Defense
Defense Defense Time % Phy DF OF
1 Ian Cole Arturs Kulda 40 1 2 2
2 Olli Maatta Samuel Morin 30 1 2 2
3 Dylan Blujus Keegan Lowe 20 1 2 2
4 Mason Geertsen Ian Cole 10 1 2 2
PowerPlay Forward
Center Left Wing Right Wing Time % Phy DF OF
1 Stephane Da Costa Gabriel Bourque Matt Frattin 60 1 2 2
2 Tommy Wingels Nick Foligno Tomas Jurco 40 1 2 2
PowerPlay Defense
Defense Defense Time % Phy DF OF
1 Ian Cole Arturs Kulda 60 1 2 2
2 Olli Maatta Samuel Morin 40 1 2 2
Penalty Kill 4 Players Forward
Center Wing Time % Phy DF OF
1 Gabriel Bourque Stephane Da Costa 60 1 2 2
2 Nick Foligno Johannes Salmonsson 40 1 2 2
Penalty Kill 4 Players Defense
Defense Defense Time % Phy DF OF
1 Ian Cole Arturs Kulda 60 1 2 2
2 Olli Maatta Samuel Morin 40 1 2 2
Penalty Kill - 3 Players Forward
Forward Time % Phy DF OF
1 Gabriel Bourque 60 1 2 2
2 Stephane Da Costa 40 1 2 2
Penalty Kill - 3 Players Defense
Defense Defense Time % Phy DF OF
1 Ian Cole Arturs Kulda 60 1 2 2
2 Olli Maatta Samuel Morin 40 1 2 2
4 vs 4 Forward
Center Wing Time % Phy DF OF
1 Gabriel Bourque Stephane Da Costa 60 1 2 2
2 Nick Foligno Johannes Salmonsson 40 1 2 2
4 vs 4 Defense
Defense Defense Time % Phy DF OF
1 Ian Cole Arturs Kulda 60 1 2 2
2 Olli Maatta Samuel Morin 40 1 2 2
Last Minutes Offensive
Center Left Wing Right Wing Defense Defense
Stephane Da Costa Gabriel Bourque Matt Frattin Ian Cole Arturs Kulda
Last Minutes Defensive
Center Left Wing Right Wing Defense Defense
Stephane Da Costa Gabriel Bourque Matt Frattin Ian Cole Arturs Kulda
Goaltenders
Starting : Brad Thiessen
Backup : Ben Bishop
Extra Forwards
Normal : Phil Di Giuseppe, Brett Bulmer, Blake Coleman - PP : Phil Di Giuseppe, Brett Bulmer - PK : Blake Coleman
Extra Defensemen
Normal : Dylan Blujus, Keegan Lowe, Mason Geertsen - PP : Dylan Blujus - PK : Keegan Lowe, Mason Geertsen
Penalty Shots
Gabriel Bourque, Stephane Da Costa, Nick Foligno, Johannes Salmonsson, Tommy Wingels
Scratches
None
Staline
5 vs 5 Forward
Center Left Wing Right Wing Time % Phy DF OF
1 Lars Eller Nick Spaling Jason Akeson 40 0 1 4
2 Corey Trivino Bryan Bickell Jordan Szwarz 30 0 2 3
3 Marek Zagrapan Jiri Sekac Tyler Pitlick 20 0 2 3
4 Peter Holland Charles Hudon Barclay Goodrow 10 1 3 1
5 vs 5 Defense
Defense Defense Time % Phy DF OF
1 Cameron Gaunce Alex Petrovic 40 0 3 2
2 Viktor Loov Philip Larsen 30 0 3 2
3 Andrey Pedan Mike Reilly 20 0 3 2
4 Cameron Gaunce Alex Petrovic 10 0 3 2
PowerPlay Forward
Center Left Wing Right Wing Time % Phy DF OF
1 Lars Eller Nick Spaling Jason Akeson 60 0 1 4
2 Corey Trivino Bryan Bickell Jordan Szwarz 40 0 1 4
PowerPlay Defense
Defense Defense Time % Phy DF OF
1 Cameron Gaunce Alex Petrovic 60 0 1 4
2 Viktor Loov Mike Reilly 40 0 1 4
Penalty Kill 4 Players Forward
Center Wing Time % Phy DF OF
1 Corey Trivino Nick Spaling 60 1 3 1
2 Lars Eller Jason Akeson 40 1 3 1
Penalty Kill 4 Players Defense
Defense Defense Time % Phy DF OF
1 Cameron Gaunce Alex Petrovic 60 1 3 1
2 Viktor Loov Mike Reilly 40 1 3 1
Penalty Kill - 3 Players Forward
Forward Time % Phy DF OF
1 Peter Holland 60 0 5 0
2 Lars Eller 40 0 5 0
Penalty Kill - 3 Players Defense
Defense Defense Time % Phy DF OF
1 Cameron Gaunce Alex Petrovic 60 0 5 0
2 Viktor Loov Mike Reilly 40 0 5 0
4 vs 4 Forward
Center Wing Time % Phy DF OF
1 Marek Zagrapan Jordan Szwarz 60 0 2 3
2 Lars Eller Jason Akeson 40 0 2 3
4 vs 4 Defense
Defense Defense Time % Phy DF OF
1 Cameron Gaunce Alex Petrovic 60 0 2 3
2 Viktor Loov Mike Reilly 40 0 2 3
Last Minutes Offensive
Center Left Wing Right Wing Defense Defense
Lars Eller Nick Spaling Jason Akeson Cameron Gaunce Alex Petrovic
Last Minutes Defensive
Center Left Wing Right Wing Defense Defense
Lars Eller Nick Spaling Jordan Szwarz Cameron Gaunce Alex Petrovic
Goaltenders
Starting : Joni Ortio
Backup : Andrew Hammond
Extra Forwards
Normal : Jordan Szwarz, Marek Zagrapan, Jason Akeson - PP : Jordan Szwarz, Marek Zagrapan - PK : Nick Spaling
Extra Defensemen
Normal : Andrey Pedan, Philip Larsen, Viktor Loov - PP : Andrey Pedan - PK : Philip Larsen, Viktor Loov
Penalty Shots
Nick Spaling, Jordan Szwarz, Lars Eller, Jason Akeson, Bryan Bickell
Scratches
Tyler Lewington (Healthy), Tobias Lindberg (Healthy), Nikita Nesterov (Healthy), Sergey Tolchinsky (Healthy), David Musil (Healthy)
Danny Kristo (Left Hand Injury), Darcy Kuemper (Healthy)
% Time on Ice - Senators
Lines # - Real PCT - Wanted PCT - Time Play
Normal Forward
1 - 34% - 40% - 17:25
2 - 28% - 30% - 14:03
3 - 22% - 20% - 11:07
4 - 17% - 10% - 8:28
Normal Defense
1 - 39% - 40% - 19:42
2 - 31% - 30% - 16:03
3 - 25% - 20% - 12:32
4 - 5% - 10% - 2:46
PP Forward
1 - 50% - 60% - 2:00
2 - 50% - 40% - 1:58
PP Defense
1 - 47% - 60% - 1:53
2 - 53% - 40% - 2:05
PK Forward
1 - 78% - 60% - 3:52
2 - 22% - 40% - 1:07
PK Defense
1 - 53% - 60% - 2:38
2 - 47% - 40% - 2:21
PK3 Forward
1 - 0% - 60%
2 - 0% - 40%
PK3 Defense
1 - 0% - 60%
2 - 0% - 40%
44 Forward
1 - 0% - 60%
2 - 0% - 40%
44 Defense
1 - 0% - 60%
2 - 0% - 40%
Last Minute Offensive - 0:00
Last Minute Defensive - 0:00
Total
Forward - 60:00
Defense - 60:00
|
% Time on Ice - Staline
Lines # - Real PCT - Wanted PCT - Time Play
Normal Forward
1 - 37% - 40% - 19:00
2 - 27% - 30% - 13:49
3 - 20% - 20% - 10:01
4 - 16% - 10% - 8:13
Normal Defense
1 - 41% - 40% - 21:09
2 - 30% - 30% - 15:04
3 - 23% - 20% - 11:45
4 - 6% - 10% - 3:05
PP Forward
1 - 61% - 60% - 3:03
2 - 39% - 40% - 1:56
PP Defense
1 - 40% - 60% - 2:01
2 - 60% - 40% - 2:58
PK Forward
1 - 81% - 60% - 3:13
2 - 19% - 40% - 0:45
PK Defense
1 - 55% - 60% - 2:12
2 - 45% - 40% - 1:46
PK3 Forward
1 - 0% - 60%
2 - 0% - 40%
PK3 Defense
1 - 0% - 60%
2 - 0% - 40%
44 Forward
1 - 0% - 60%
2 - 0% - 40%
44 Defense
1 - 0% - 60%
2 - 0% - 40%
Last Minute Offensive - 0:00
Last Minute Defensive - 0:00
Total
Forward - 60:00
Defense - 60:00
|
Play by Play
1st period
0:01 of 1st period - Lars Eller wins face-off versus Stephane Da Costa in neutral zone.
0:25 of 1st period - Arturs Kulda is hit by Corey Trivino and loses puck.
0:55 of 1st period - Snap shot by Johannes Salmonsson.
0:55 of 1st period - Deflect By Marek Zagrapan.
0:55 of 1st period - Stopped by Joni Ortio without a rebound.
0:56 of 1st period - Peter Holland wins face-off versus Chandler Stephenson in Staline zone.
1:26 of 1st period - Lars Eller is hit by Stephane Da Costa and loses puck.
1:45 of 1st period - Slapshot by Jordan Szwarz.
1:45 of 1st period - Stopped by Brad Thiessen with a rebound.
2:05 of 1st period - Wrist shot by Tyler Pitlick.
2:05 of 1st period - Shot Misses the Net.
2:15 of 1st period - Wrist shot by Nick Foligno.
2:15 of 1st period - Stopped by Joni Ortio with a rebound.
3:03 of 1st period - Philip Larsen is hit by Zemgus Girgensons and loses puck.
4:04 of 1st period - Viktor Loov is hit by Stephane Da Costa and loses puck.
4:21 of 1st period - Philip Larsen is hit by Sebastian Wannstrom and loses puck.
4:30 of 1st period - Wrist shot by Corey Trivino.
4:30 of 1st period - Stopped by Brad Thiessen with a rebound.
4:32 of 1st period - Slapshot by Corey Trivino.
4:32 of 1st period - Stopped by Brad Thiessen with a rebound.
5:02 of 1st period - Barclay Goodrow is hit by Dylan Blujus and loses puck.
5:09 of 1st period - Andy Andreoff is hit by Cameron Gaunce and loses puck.
5:14 of 1st period - Snap shot by Peter Holland.
5:14 of 1st period - Stopped by Brad Thiessen without a rebound.
5:15 of 1st period - Stephane Da Costa wins face-off versus Lars Eller in Senators zone.
5:15 of 1st period - Stephane Da Costa is hit by Nick Spaling.
5:26 of 1st period - Matt Frattin is hit by Lars Eller and loses puck.
5:41 of 1st period - Cameron Gaunce is hit by Olli Maatta.
5:53 of 1st period - Slapshot by Tommy Wingels.
5:53 of 1st period - Stopped by Joni Ortio without a rebound.
5:54 of 1st period - Jason Akeson wins face-off versus Zemgus Girgensons in Staline zone.
6:45 of 1st period - Snap shot by Gabriel Bourque.
6:45 of 1st period - Deflect By Stephane Da Costa.
6:45 of 1st period - Goal by Stephane Da Costa - Senators : 1 - Staline : 0.
6:46 of 1st period - Gabriel Bourque wins face-off versus Lars Eller in neutral zone.
6:57 of 1st period - Snap shot by Nick Spaling.
6:57 of 1st period - Shot Misses the Net.
6:59 of 1st period - Slapshot by Alex Petrovic.
6:59 of 1st period - Shot Blocked by Gabriel Bourque.
7:01 of 1st period - Wrist shot by Jason Akeson.
7:01 of 1st period - Shot Misses the Net.
7:11 of 1st period - Alex Petrovic is hit by Tommy Wingels and loses puck.
7:16 of 1st period - Wrist shot by Nick Foligno.
7:16 of 1st period - Stopped by Joni Ortio with a rebound.
7:18 of 1st period - Slapshot by Olli Maatta.
7:18 of 1st period - Stopped by Joni Ortio with a rebound.
7:20 of 1st period - Snap shot by Samuel Morin.
7:20 of 1st period - Deflect By Cameron Gaunce.
7:20 of 1st period - Stopped by Joni Ortio with a rebound.
7:22 of 1st period - Snap shot by Nick Foligno.
7:22 of 1st period - Shot Misses the Net.
7:32 of 1st period - Snap shot by Marek Zagrapan.
7:32 of 1st period - Goal by Marek Zagrapan - Senators : 1 - Staline : 1.
7:33 of 1st period - Lars Eller wins face-off versus Stephane Da Costa in neutral zone.
8:05 of 1st period - Snap shot by Tomas Jurco.
8:05 of 1st period - Shot Blocked by Philip Larsen.
9:08 of 1st period - Backhand shot by Lars Eller.
9:08 of 1st period - Stopped by Brad Thiessen with a rebound.
9:10 of 1st period - Slapshot by Alex Petrovic.
9:10 of 1st period - Deflect By Nick Spaling.
9:10 of 1st period - Goal by Nick Spaling - Senators : 1 - Staline : 2.
9:11 of 1st period - Nick Spaling wins face-off versus Stephane Da Costa in neutral zone.
9:14 of 1st period - Ian Cole is hit by Viktor Loov and loses puck.
9:25 of 1st period - Wrist shot by Stephane Da Costa.
9:25 of 1st period - Shot Misses the Net.
9:27 of 1st period - Wrist shot by Gabriel Bourque.
9:27 of 1st period - Stopped by Joni Ortio with a rebound.
9:37 of 1st period - Arturs Kulda is hit by Jordan Szwarz and loses puck.
10:05 of 1st period - Wrist shot by Grant Besse.
10:05 of 1st period - Shot Hit the Post.
10:28 of 1st period - Off-side.
10:29 of 1st period - Lars Eller wins face-off versus Stephane Da Costa in neutral zone.
11:05 of 1st period - Wrist shot by Tommy Wingels.
11:05 of 1st period - Goal by Tommy Wingels - Senators : 2 - Staline : 2.
11:06 of 1st period - Nick Spaling wins face-off versus Stephane Da Costa in neutral zone.
11:17 of 1st period - Snap shot by Lars Eller.
11:17 of 1st period - Shot Misses the Net.
11:21 of 1st period - Snap shot by Lars Eller.
11:21 of 1st period - Shot Misses the Net.
12:25 of 1st period - Wrist shot by Lars Eller.
12:25 of 1st period - Stopped by Brad Thiessen without a rebound.
12:26 of 1st period - Lars Eller wins face-off versus Tommy Wingels in Senators zone.
12:27 of 1st period - Snap shot by Nick Spaling.
12:27 of 1st period - Stopped by Brad Thiessen without a rebound.
12:28 of 1st period - Tommy Wingels wins face-off versus Lars Eller in Senators zone.
12:33 of 1st period - Lars Eller is hit by Nick Foligno and loses puck.
13:07 of 1st period - Slapshot by Jason Akeson.
13:07 of 1st period - Shot Misses the Net.
13:15 of 1st period - Wrist shot by Nick Foligno.
13:15 of 1st period - Stopped by Joni Ortio with a rebound.
13:45 of 1st period - Cameron Gaunce is hit by Keegan Lowe.
14:06 of 1st period - Icing by Olli Maatta.
14:07 of 1st period - Tommy Wingels wins face-off versus Marek Zagrapan in Senators zone.
14:43 of 1st period - Snap shot by Gabriel Bourque.
14:43 of 1st period - Shot Misses the Net.
15:00 of 1st period - Off-side.
15:01 of 1st period - Peter Holland wins face-off versus Zemgus Girgensons in neutral zone.
15:08 of 1st period - Snap shot by Mike Reilly.
15:08 of 1st period - Stopped by Brad Thiessen without a rebound.
15:09 of 1st period - Zemgus Girgensons wins face-off versus Marek Zagrapan in Senators zone.
15:14 of 1st period - Wrist shot by Sebastian Wannstrom.
15:14 of 1st period - Shot Blocked by Mike Reilly.
15:16 of 1st period - Slapshot by Ian Cole.
15:16 of 1st period - Stopped by Joni Ortio with a rebound.
15:18 of 1st period - Wrist shot by Johannes Salmonsson.
15:18 of 1st period - Shot Misses the Net.
16:39 of 1st period - Wrist shot by Cameron Gaunce.
16:39 of 1st period - Stopped by Brad Thiessen with a rebound.
17:18 of 1st period - Slapshot by Ian Cole.
17:18 of 1st period - Stopped by Joni Ortio with a rebound.
17:20 of 1st period - Wrist shot by Andy Andreoff.
17:20 of 1st period - Shot Misses the Net.
17:22 of 1st period - Snap shot by Andy Andreoff.
17:22 of 1st period - Stopped by Joni Ortio with a rebound.
17:24 of 1st period - Slapshot by Ian Cole.
17:24 of 1st period - Stopped by Joni Ortio without a rebound.
17:25 of 1st period - Lars Eller wins face-off versus Gabriel Bourque in Staline zone.
17:56 of 1st period - Snap shot by Tomas Jurco.
17:56 of 1st period - Goal by Tomas Jurco - Senators : 3 - Staline : 2.
17:57 of 1st period - Corey Trivino wins face-off versus Stephane Da Costa in neutral zone.
18:33 of 1st period - Snap shot by Lars Eller.
18:33 of 1st period - Shot Misses the Net.
19:47 of 1st period - Snap shot by Lars Eller.
19:47 of 1st period - Shot Blocked by Dylan Blujus.
19:49 of 1st period - Slapshot by Viktor Loov.
19:49 of 1st period - Shot Misses the Net.
19:51 of 1st period - Wrist shot by Viktor Loov.
19:51 of 1st period - Stopped by Brad Thiessen with a rebound.
19:53 of 1st period - Snap shot by Nick Spaling.
19:53 of 1st period - Shot Misses the Net.
19:55 of 1st period - Slapshot by Viktor Loov.
19:55 of 1st period - Stopped by Brad Thiessen without a rebound.
19:56 of 1st period - Corey Trivino wins face-off versus Stephane Da Costa in Senators zone.
Goals for this period are 3 for Senators vs 2 for Staline.
Shots for this period are 15 for Senators vs 13 for Staline.
2nd period
0:01 of 2nd period - Stephane Da Costa wins face-off versus Corey Trivino in neutral zone.
0:06 of 2nd period - Slapshot by Gabriel Bourque.
0:06 of 2nd period - Stopped by Joni Ortio without a rebound.
0:07 of 2nd period - Corey Trivino wins face-off versus Gabriel Bourque in Staline zone.
1:02 of 2nd period - Slapshot by Jordan Szwarz.
1:02 of 2nd period - Shot Blocked by Arturs Kulda.
1:28 of 2nd period - Cameron Gaunce is hit by Arturs Kulda and loses puck.
1:40 of 2nd period - Minor Penalty to Gabriel Bourque for High sticking.
1:41 of 2nd period - Nick Foligno wins face-off versus Lars Eller in Senators zone.
2:09 of 2nd period - Wrist shot by Andy Andreoff.
2:09 of 2nd period - Shot Blocked by Viktor Loov.
2:41 of 2nd period - Wrist shot by Marek Zagrapan.
2:41 of 2nd period - Goal by Marek Zagrapan - Senators : 3 - Staline : 3.
2:42 of 2nd period - Tyler Pitlick wins face-off versus Zemgus Girgensons in neutral zone.
2:49 of 2nd period - Johannes Salmonsson is hit by Cameron Gaunce and loses puck.
2:54 of 2nd period - Wrist shot by Tyler Pitlick.
2:54 of 2nd period - Shot Misses the Net.
2:56 of 2nd period - Slapshot by Marek Zagrapan.
2:56 of 2nd period - Stopped by Brad Thiessen without a rebound.
2:57 of 2nd period - Gabriel Bourque wins face-off versus Lars Eller in Senators zone.
3:19 of 2nd period - Icing by Cameron Gaunce.
3:20 of 2nd period - Zemgus Girgensons wins face-off versus Lars Eller in Staline zone.
3:27 of 2nd period - Wrist shot by Lars Eller.
3:27 of 2nd period - Stopped by Brad Thiessen without a rebound.
3:28 of 2nd period - Marek Zagrapan wins face-off versus Zemgus Girgensons in Senators zone.
3:49 of 2nd period - Minor Penalty to Johannes Salmonsson for Cross-checking.
3:50 of 2nd period - Gabriel Bourque wins face-off versus Lars Eller in Senators zone.
4:54 of 2nd period - Off-side.
4:55 of 2nd period - Corey Trivino wins face-off versus Nick Foligno in neutral zone.
5:49 of 2nd period - Penalty to Johannes Salmonsson is over, Johannes Salmonsson is back on ice.
6:00 of 2nd period - Johannes Salmonsson is hit by Tyler Pitlick and loses puck.
6:19 of 2nd period - Nick Foligno is hit by Viktor Loov and loses puck.
6:51 of 2nd period - Wrist shot by Chandler Stephenson.
6:51 of 2nd period - Shot Misses the Net.
7:22 of 2nd period - Snap shot by Stephane Da Costa.
7:22 of 2nd period - Stopped by Joni Ortio with a rebound.
7:42 of 2nd period - Wrist shot by Andy Andreoff.
7:42 of 2nd period - Shot Misses the Net.
7:44 of 2nd period - Wrist shot by Grant Besse.
7:44 of 2nd period - Stopped by Joni Ortio without a rebound.
7:45 of 2nd period - Corey Trivino wins face-off versus Chandler Stephenson in Staline zone.
8:10 of 2nd period - Jason Akeson is hit by Nick Foligno and loses puck.
8:17 of 2nd period - Tommy Wingels is hit by Jason Akeson and loses puck.
8:32 of 2nd period - Slapshot by Arturs Kulda.
8:32 of 2nd period - Shot Blocked by Tyler Pitlick.
9:55 of 2nd period - Stephane Da Costa is hit by Marek Zagrapan and loses puck.
10:02 of 2nd period - Snap shot by Jiri Sekac.
10:02 of 2nd period - Stopped by Brad Thiessen with a rebound.
10:04 of 2nd period - Slapshot by Philip Larsen.
10:04 of 2nd period - Stopped by Brad Thiessen without a rebound.
10:05 of 2nd period - Tommy Wingels wins face-off versus Lars Eller in Senators zone.
10:12 of 2nd period - Snap shot by Tommy Wingels.
10:12 of 2nd period - Stopped by Joni Ortio without a rebound.
10:13 of 2nd period - Lars Eller wins face-off versus Tommy Wingels in Staline zone.
10:13 of 2nd period - Lars Eller is hit by Keegan Lowe.
10:25 of 2nd period - Snap shot by Nick Foligno.
10:25 of 2nd period - Stopped by Joni Ortio with a rebound.
10:39 of 2nd period - Slapshot by Jason Akeson.
10:39 of 2nd period - Deflect By Nick Spaling.
10:39 of 2nd period - Stopped by Brad Thiessen with a rebound.
10:43 of 2nd period - Snap shot by Lars Eller.
10:43 of 2nd period - Shot Misses the Net.
10:45 of 2nd period - Snap shot by Viktor Loov.
10:45 of 2nd period - Goal by Viktor Loov - Senators : 3 - Staline : 4.
10:46 of 2nd period - Jordan Szwarz wins face-off versus Stephane Da Costa in neutral zone.
11:15 of 2nd period - Off-side.
11:16 of 2nd period - Lars Eller wins face-off versus Zemgus Girgensons in neutral zone.
11:51 of 2nd period - Bryan Bickell is hit by Stephane Da Costa and loses puck.
12:47 of 2nd period - Snap shot by Johannes Salmonsson.
12:47 of 2nd period - Shot Misses the Net.
13:05 of 2nd period - Wrist shot by Cameron Gaunce.
13:05 of 2nd period - Shot Misses the Net.
13:21 of 2nd period - Slapshot by Tommy Wingels.
13:21 of 2nd period - Shot Misses the Net.
13:23 of 2nd period - Wrist shot by Nick Foligno.
13:23 of 2nd period - Deflect By Tommy Wingels.
13:23 of 2nd period - Stopped by Joni Ortio with a rebound.
13:25 of 2nd period - Backhand shot by Dylan Blujus.
13:25 of 2nd period - Deflect By Tomas Jurco.
13:25 of 2nd period - Shot Blocked by Cameron Gaunce.
13:25 of 2nd period - Puck is out of play.
13:26 of 2nd period - Lars Eller wins face-off versus Tomas Jurco in Staline zone.
14:44 of 2nd period - Samuel Morin is hit by Peter Holland and loses puck.
14:55 of 2nd period - Nick Foligno is hit by Lars Eller and loses puck.
16:00 of 2nd period - Wrist shot by Grant Besse.
16:00 of 2nd period - Shot Misses the Net.
16:20 of 2nd period - Icing by Cameron Gaunce.
16:21 of 2nd period - Stephane Da Costa wins face-off versus Lars Eller in Staline zone.
16:47 of 2nd period - Wrist shot by Johannes Salmonsson.
16:47 of 2nd period - Stopped by Joni Ortio with a rebound.
16:54 of 2nd period - Off-side.
16:55 of 2nd period - Corey Trivino wins face-off versus Stephane Da Costa in neutral zone.
17:02 of 2nd period - Wrist shot by Jordan Szwarz.
17:02 of 2nd period - Goal by Jordan Szwarz - Senators : 3 - Staline : 5.
17:02 of 2nd period - Ben Bishop enters game.
17:03 of 2nd period - Stephane Da Costa wins face-off versus Lars Eller in neutral zone.
17:06 of 2nd period - Wrist shot by Gabriel Bourque.
17:06 of 2nd period - Shot Misses the Net.
17:14 of 2nd period - Lars Eller is hit by Arturs Kulda and loses puck.
17:40 of 2nd period - Minor Penalty to Marek Zagrapan for Slashing.
17:41 of 2nd period - Corey Trivino wins face-off versus Tomas Jurco in Staline zone.
18:22 of 2nd period - Icing by Gabriel Bourque.
18:23 of 2nd period - Lars Eller wins face-off versus Stephane Da Costa in Senators zone.
18:50 of 2nd period - Icing by Samuel Morin.
18:51 of 2nd period - Tommy Wingels wins face-off versus Lars Eller in Senators zone.
19:16 of 2nd period - Snap shot by Tommy Wingels.
19:16 of 2nd period - Stopped by Joni Ortio with a rebound.
19:18 of 2nd period - Snap shot by Tommy Wingels.
19:18 of 2nd period - Stopped by Joni Ortio without a rebound.
19:19 of 2nd period - Corey Trivino wins face-off versus Stephane Da Costa in Staline zone.
19:28 of 2nd period - Viktor Loov is hit by Gabriel Bourque and loses puck.
19:35 of 2nd period - Wrist shot by Stephane Da Costa.
19:35 of 2nd period - Stopped by Joni Ortio with a rebound.
19:40 of 2nd period - Penalty to Marek Zagrapan is over, Marek Zagrapan is back on ice.
19:55 of 2nd period - Snap shot by Marek Zagrapan.
19:55 of 2nd period - Stopped by Ben Bishop with a rebound.
Goals for this period are 0 for Senators vs 3 for Staline.
Shots for this period are 10 for Senators vs 9 for Staline.
3rd period
0:01 of 3rd period - Lars Eller wins face-off versus Stephane Da Costa in neutral zone.
0:12 of 3rd period - Lars Eller is hit by Gabriel Bourque and loses puck.
0:27 of 3rd period - Corey Trivino is hit by Zemgus Girgensons and loses puck.
1:00 of 3rd period - Slapshot by Mike Reilly.
1:00 of 3rd period - Stopped by Ben Bishop without a rebound.
1:01 of 3rd period - Stephane Da Costa wins face-off versus Lars Eller in Senators zone.
2:02 of 3rd period - Viktor Loov is hit by Keegan Lowe and loses puck.
2:15 of 3rd period - Dylan Blujus is hit by Jason Akeson and loses puck.
2:28 of 3rd period - Slapshot by Dylan Blujus.
2:28 of 3rd period - Shot Misses the Net.
2:30 of 3rd period - Slapshot by Dylan Blujus.
2:30 of 3rd period - Stopped by Joni Ortio with a rebound.
2:32 of 3rd period - Snap shot by Andy Andreoff.
2:32 of 3rd period - Shot Misses the Net.
2:34 of 3rd period - Snap shot by Grant Besse.
2:34 of 3rd period - Shot Misses the Net.
2:36 of 3rd period - Slapshot by Keegan Lowe.
2:36 of 3rd period - Shot Blocked by Viktor Loov.
2:38 of 3rd period - Wrist shot by Andy Andreoff.
2:38 of 3rd period - Deflect By Philip Larsen.
2:38 of 3rd period - Goal by Andy Andreoff - Senators : 4 - Staline : 5.
2:39 of 3rd period - Stephane Da Costa wins face-off versus Lars Eller in neutral zone.
2:51 of 3rd period - Snap shot by Lars Eller.
2:51 of 3rd period - Stopped by Ben Bishop with a rebound.
2:53 of 3rd period - Wrist shot by Jason Akeson.
2:53 of 3rd period - Shot Misses the Net.
2:55 of 3rd period - Slapshot by Cameron Gaunce.
2:55 of 3rd period - Stopped by Ben Bishop with a rebound.
3:22 of 3rd period - Snap shot by Gabriel Bourque.
3:22 of 3rd period - Shot Misses the Net.
3:28 of 3rd period - Jiri Sekac is hit by Stephane Da Costa and loses puck.
3:41 of 3rd period - Snap shot by Jiri Sekac.
3:41 of 3rd period - Stopped by Ben Bishop without a rebound.
3:42 of 3rd period - Tommy Wingels wins face-off versus Lars Eller in Senators zone.
3:42 of 3rd period - Tommy Wingels is hit by Nick Spaling.
4:53 of 3rd period - Tyler Pitlick is hit by Tommy Wingels.
5:23 of 3rd period - Wrist shot by Tomas Jurco.
5:23 of 3rd period - Stopped by Joni Ortio without a rebound.
5:24 of 3rd period - Jordan Szwarz wins face-off versus Stephane Da Costa in Staline zone.
6:33 of 3rd period - Snap shot by Stephane Da Costa.
6:33 of 3rd period - Stopped by Joni Ortio with a rebound.
6:35 of 3rd period - Wrist shot by Matt Frattin.
6:35 of 3rd period - Deflect By Stephane Da Costa.
6:35 of 3rd period - Stopped by Joni Ortio with a rebound.
6:56 of 3rd period - Snap shot by Nick Spaling.
6:56 of 3rd period - Stopped by Ben Bishop with a rebound.
7:27 of 3rd period - Minor Penalty to Philip Larsen for Tripping.
7:28 of 3rd period - Corey Trivino wins face-off versus Stephane Da Costa in Staline zone.
7:28 of 3rd period - Corey Trivino is hit by Stephane Da Costa.
7:41 of 3rd period - Wrist shot by Stephane Da Costa.
7:41 of 3rd period - Shot Blocked by Corey Trivino.
7:43 of 3rd period - Slapshot by Arturs Kulda.
7:43 of 3rd period - Stopped by Joni Ortio with a rebound.
8:23 of 3rd period - Corey Trivino is hit by Nick Foligno and loses puck.
9:27 of 3rd period - Penalty to Philip Larsen is over, Philip Larsen is back on ice.
10:20 of 3rd period - Grant Besse is hit by Nick Spaling.
10:29 of 3rd period - Dylan Blujus is hit by Lars Eller and loses puck.
10:42 of 3rd period - Wrist shot by Sebastian Wannstrom.
10:42 of 3rd period - Shot Misses the Net.
10:44 of 3rd period - Snap shot by Johannes Salmonsson.
10:44 of 3rd period - Stopped by Joni Ortio with a rebound.
10:46 of 3rd period - Snap shot by Zemgus Girgensons.
10:46 of 3rd period - Goal by Zemgus Girgensons - Senators : 5 - Staline : 5.
10:47 of 3rd period - Stephane Da Costa wins face-off versus Lars Eller in neutral zone.
10:50 of 3rd period - Slapshot by Olli Maatta.
10:50 of 3rd period - Deflect By Gabriel Bourque.
10:50 of 3rd period - Shot Misses the Net.
10:50 of 3rd period - Puck is out of play.
10:51 of 3rd period - Gabriel Bourque wins face-off versus Lars Eller in Staline zone.
10:58 of 3rd period - Wrist shot by Matt Frattin.
10:58 of 3rd period - Stopped by Joni Ortio without a rebound.
10:59 of 3rd period - Lars Eller wins face-off versus Gabriel Bourque in Staline zone.
11:06 of 3rd period - Alex Petrovic is hit by Matt Frattin and loses puck.
11:15 of 3rd period - Snap shot by Alex Petrovic.
11:15 of 3rd period - Stopped by Ben Bishop with a rebound.
11:25 of 3rd period - Slapshot by Jordan Szwarz.
11:25 of 3rd period - Stopped by Ben Bishop with a rebound.
11:28 of 3rd period - Icing by Samuel Morin.
11:29 of 3rd period - Corey Trivino wins face-off versus Tomas Jurco in Senators zone.
11:38 of 3rd period - Snap shot by Tomas Jurco.
11:38 of 3rd period - Stopped by Joni Ortio with a rebound.
11:40 of 3rd period - Wrist shot by Tomas Jurco.
11:40 of 3rd period - Shot Misses the Net.
11:48 of 3rd period - Snap shot by Nick Foligno.
11:48 of 3rd period - Deflect By Tommy Wingels.
11:48 of 3rd period - Deflect By Jordan Szwarz.
11:48 of 3rd period - Shot Blocked by Bryan Bickell.
11:48 of 3rd period - Puck is out of play.
11:49 of 3rd period - Nick Spaling wins face-off versus Stephane Da Costa in Staline zone.
11:56 of 3rd period - Slapshot by Lars Eller.
11:56 of 3rd period - Stopped by Ben Bishop with a rebound.
11:58 of 3rd period - Wrist shot by Alex Petrovic.
11:58 of 3rd period - Deflect By Stephane Da Costa.
11:58 of 3rd period - Stopped by Ben Bishop with a rebound.
12:00 of 3rd period - Snap shot by Lars Eller.
12:00 of 3rd period - Goal by Lars Eller - Senators : 5 - Staline : 6.
12:01 of 3rd period - Stephane Da Costa wins face-off versus Lars Eller in neutral zone.
12:04 of 3rd period - Slapshot by Gabriel Bourque.
12:04 of 3rd period - Shot Misses the Net.
12:35 of 3rd period - Corey Trivino is hit by Tommy Wingels and loses puck.
13:04 of 3rd period - Bryan Bickell is hit by Sebastian Wannstrom and loses puck.
13:09 of 3rd period - Slapshot by Johannes Salmonsson.
13:09 of 3rd period - Stopped by Joni Ortio without a rebound.
13:10 of 3rd period - Lars Eller wins face-off versus Zemgus Girgensons in Staline zone.
13:39 of 3rd period - Wrist shot by Ian Cole.
13:39 of 3rd period - Shot Misses the Net.
13:53 of 3rd period - Snap shot by Sebastian Wannstrom.
13:53 of 3rd period - Shot Blocked by Lars Eller.
13:55 of 3rd period - Wrist shot by Johannes Salmonsson.
13:55 of 3rd period - Shot Misses the Net.
14:13 of 3rd period - Slapshot by Lars Eller.
14:13 of 3rd period - Stopped by Ben Bishop with a rebound.
14:51 of 3rd period - Wrist shot by Johannes Salmonsson.
14:51 of 3rd period - Deflect By Alex Petrovic.
14:51 of 3rd period - Shot Misses the Net.
14:51 of 3rd period - Puck is out of play.
14:52 of 3rd period - Stephane Da Costa wins face-off versus Corey Trivino in Staline zone.
14:57 of 3rd period - Snap shot by Gabriel Bourque.
14:57 of 3rd period - Shot Blocked by Viktor Loov.
15:17 of 3rd period - Tomas Jurco is hit by Viktor Loov and loses puck.
15:28 of 3rd period - Snap shot by Tyler Pitlick.
15:28 of 3rd period - Stopped by Ben Bishop without a rebound.
15:29 of 3rd period - Gabriel Bourque wins face-off versus Corey Trivino in Senators zone.
16:37 of 3rd period - Slapshot by Tomas Jurco.
16:37 of 3rd period - Shot Misses the Net.
16:51 of 3rd period - Wrist shot by Peter Holland.
16:51 of 3rd period - Goal by Peter Holland - Senators : 5 - Staline : 7.
16:52 of 3rd period - Marek Zagrapan wins face-off versus Zemgus Girgensons in neutral zone.
17:18 of 3rd period - Alex Petrovic is hit by Arturs Kulda and loses puck.
17:31 of 3rd period - Snap shot by Nick Foligno.
17:31 of 3rd period - Shot Misses the Net.
17:43 of 3rd period - Samuel Morin is hit by Cameron Gaunce and loses puck.
17:50 of 3rd period - Snap shot by Lars Eller.
17:50 of 3rd period - Stopped by Ben Bishop with a rebound.
17:52 of 3rd period - Snap shot by Cameron Gaunce.
17:52 of 3rd period - Stopped by Ben Bishop with a rebound.
17:54 of 3rd period - Slapshot by Alex Petrovic.
17:54 of 3rd period - Shot Misses the Net.
18:00 of 3rd period - Minor Penalty to Gabriel Bourque for Hooking.
18:01 of 3rd period - Blake Coleman wins face-off versus Lars Eller in Senators zone.
18:01 of 3rd period - Blake Coleman is hit by Viktor Loov.
19:50 of 3rd period - Corey Trivino is hit by Olli Maatta.
19:54 of 3rd period - Olli Maatta is hit by Bryan Bickell and loses puck.
0:00 - Penalty to Gabriel Bourque is over, Gabriel Bourque is back on ice.
Goals for this period are 2 for Senators vs 2 for Staline.
Shots for this period are 11 for Senators vs 15 for Staline.
Back to the Top